 Dungeon Crawl Stone Soup version 0.20.0-4-g10b340a (webtiles) character file.

98127 Gravenous the Bludgeoner (level 16, -1/108 HPs)
             Began as a Gargoyle Monk on May 26, 2017.
             Was the Champion of Makhleb.
             Slain by an entropy weaver (4 damage)
             ... on level 4 of the Lair of Beasts on May 27, 2017.
             The game lasted 01:07:37 (29725 turns).

Gravenous the Bludgeoner (Gargoyle Monk)           Turns: 29725, Time: 01:07:38

Health: -1/108     AC: 12    Str: 20    XL:     16   Next: 21%
Magic:  26/26      EV: 14    Int: 13    God:    Makhleb [******]
Gold:   67         SH: 11    Dex: 13    Spells: 15/15 levels left

rFire    + + .     SeeInvis +   o - +0 morningstar
rCold    + + +     Gourm    .   N - +1 buckler of Forking Paths {rElec rF+ Dex+5}
rNeg     + . .     Faith    .   L - +0 plate armour of Tikabot {rC++ Dex-4 SInv}
rPois    ∞         Spirit   .   Y - +2 helmet
rElec    +         Reflect  +   n - scarf {rC+ rF+}
rCorr    .         Harm     .   (no gloves)
MR       +....                  Z - +1 pair of boots
Stlth    ..........             T - +5 amulet of reflection
Regen    0.3/turn               a - +3 ring of protection
MPRegen  0.2/turn               v - +6 ring of evasion

@: corroded, flying
A: big wings, negative energy resistance 1, electricity resistance, unbreathing,
petrification resistance, rot immunity, AC +11
a: Stop Flying, Minor Destruction, Lesser Servant of Makhleb, Major Destruction,
Greater Servant of Makhleb, Renounce Religion


You were on level 4 of the Lair of Beasts.
You worshipped Makhleb.
Makhleb was exalted by your worship.
You were hungry.

You visited 5 branches of the dungeon, and saw 25 of its levels.
You also visited: Labyrinth.

You collected 2427 gold pieces.
You spent 2360 gold pieces at shops.

Inventory:

Hand Weapons
 l - a +1 scimitar of flaming
 o - a +0 morningstar (weapon)
 B - a +1 flail of protection
 I - a +0 flail of holy wrath
Armour
 n - a scarf of resistance (worn)
 L - the +0 plate armour of Tikabot (worn) {rC++ Dex-4 SInv}
   (You bought it in a shop on level 2 of the Orcish Mines)

   It affects your dexterity (-4).
   It greatly protects you from cold.
   It lets you see invisible.
 N - the +1 buckler of Forking Paths (worn) {rElec rF+ Dex+5}
   (You bought it in a shop on level 2 of the Orcish Mines)

   It affects your dexterity (+5).
   It protects you from fire.
   It insulates you from electricity.
 Y - a +2 helmet (worn)
 Z - a +1 pair of boots (worn)
Jewellery
 a - a +3 ring of protection (left hand)
 k - an uncursed ring of positive energy
 s - an uncursed amulet of the gourmand
 v - a +6 ring of evasion (right hand)
 T - a +5 amulet of reflection (around neck)
Wands
 d - a wand of digging (9/24)
 q - a wand of iceblast (1/15)
 A - a wand of random effects (8/48)
 C - a wand of iceblast (7/15)
 D - a wand of lightning (7/15)
 E - a wand of scattershot (0/9)
 H - a wand of digging (16/24)
 W - a wand of disintegration (15/24)
Scrolls
 e - 4 scrolls of fog
 g - 2 scrolls of teleportation
 h - 7 scrolls of remove curse
 m - 2 scrolls of fear
 p - 7 scrolls of identify
 J - a scroll of enchant armour
 O - 2 scrolls of blinking
 U - 3 scrolls of magic mapping
 V - 3 scrolls of recharging
 X - a scroll of summoning
Potions
 b - 3 potions of haste
 i - 7 potions of curing
 j - 4 potions of ambrosia
 r - 4 potions of mutation
 w - 4 potions of heal wounds
 x - 5 potions of lignification
 z - 5 potions of flight
 F - a potion of agility
 G - 2 potions of cancellation
 M - a potion of brilliance
 Q - 2 potions of might
Miscellaneous
 K - a sack of spiders
 P - a fan of gales
 R - a phial of floods
Comestibles
 c - 5 bread rations
 f - 20 royal jellies
 t - 27 fruits
 u - 11 meat rations


   Skills:
 * Level 15.1 Fighting
 - Level 16.0 Maces & Flails
 + Level 13.0 Armour
 - Level 2.4 Dodging
 - Level 2.1 Stealth
 - Level 6.0 Shields
 + Level 14.3 Invocations


You had 15 spell levels left.
You didn't know any spells.

Dungeon Overview and Level Annotations

Branches:
Dungeon (15/15)            Temple (1/1) D:7            Lair (6/6) D:11
 Shoals (0/4) Lair:3       Spider (1/4) Lair:4        Slime (0/5) Lair:6
    Orc (2/2) D:9             Elf (0/3) Orc:2        Vaults (0/5) D:13
 Depths (0/5) D:15

Altars:
Ashenzari
Cheibriados
Dithmenos
Elyvilon
Fedhas
Gozag
Hepliaklqana
Kikubaaqudgha
Makhleb
Nemelex Xobeh
Okawaru
Qazlal
Ru
Sif Muna
Trog
Uskayaw
Vehumet
Xom
Yredelemnul
Zin
The Shining One
Beogh
Jiyva

Shops:
D:4 [   D:7 :   D:9 :   D:12 *   D:15 [   Orc:1 [   Orc:2 [*[%

Annotations:
D:3 1 runed door
Lair:1 exclusion: oklob plant


Innate Abilities, Weirdness & Mutations

You are resistant to torment.
Your stone body is resilient. (AC +11)
You are immune to poison.
Your large and strong wings let you fly indefinitely.
You resist negative energy. (rN+)
You are resistant to electric shocks. (rElec)
You can survive without breathing.
You are immune to petrification.
You are immune to rotting.


Message History

Your plate armour of Tikabot prevents you from hitting the entropy weaver.
The entropy weaver is severely wounded.
The entropy weaver hits you but does no damage.
You block the entropy weaver's attack. The entropy weaver hits you!
* * * LOW HITPOINT WARNING * * *
You block the entropy weaver's attack.
You completely miss the entropy weaver.
The entropy weaver is severely wounded.
The entropy weaver closely misses you. You block the entropy weaver's attack.
The entropy weaver hits you!
* * * LOW HITPOINT WARNING * * *
The entropy weaver completely misses you.
You closely miss the entropy weaver.
The entropy weaver is severely wounded.
You hit the entropy weaver but do no damage.
The entropy weaver is severely wounded.
The entropy weaver hits you!
* * * LOW HITPOINT WARNING * * *
The entropy weaver hits you.
You die...

....###...####.....#.##..........
...####...###.#...#.###..........
....P##...##.###.#.#^##..........
.....##...###.#^#.#^#####.###....
..........##.#.#.###.## ### ##...
..........###.#####3#.# ##..
.....#P...##.#.#.###.## #...
..........###^#.a.#.## ##..
......#...####^†@..#.# #..
.....#.....# ##...#### #..
.....##..######≈≈≈# ##>.
.....#...####.....# #...
...........#......## #...
................P#.# ##..
....#...........P### #..
............P...######## ###
............#.....##.#.#


You could see an entropy weaver.

Vanquished Creatures
  Azrael (D:12)
  A minotaur (Lab)
  7 ogre magi
  The ghost of Haldmier the Covert, a journeyman KoHu of Dithmenos (Orc:1)
  12 hydras
  A centaur warrior (D:15)
  2 ice dragons (D:15)
  A death knight (D:14)
  A dancing weapon (Orc:2)
  A tengu warrior (D:14)
  Urug (D:14)
  23 two-headed ogres
  An orc high priest (D:9)
  Sonja (D:15)
  4 skeletal warriors (D:15)
  5 unseen horrors
  A deep troll (Orc:2)
  2 orc knights
  A phantasmal warrior (D:15)
  9 ugly things
  2 orc sorcerers (Orc:1)
  2 slime creatures (D:15)
  3 cyclopes
  A merfolk siren (Lair:3)
  2 black mambas
  4 centaur skeletons
  6 komodo dragons
  A torpor snail (Lair:3)
  4 rime drakes
  7 spiny frogs
  A freezing wraith (D:13)
  An efreet (D:15)
  A queen bee (D:14)
  A tengu conjurer (D:14)
  A polar bear (shapeshifter) (D:15)
  16 trolls
  5 jumping spiders (Lair:4)
  4 polar bears
  3 meliai (D:14)
  Grinder (D:4)
  4 hornets
  10 blink frogs
  2 merfolk (Lair:3)
  6 dream sheep
  10 hippogriffs
  6 redbacks
  A centaur simulacrum (D:14)
  4 water elementals
  7 spriggans (Lair:6)
  5 wraiths
  3 wyverns
  A hog (Lair:4)
  A tarantella (Lair:4)
  A vampire (D:13)
  2 basilisks
  35 yaks
  2 fire elementals
  A steam dragon (D:10)
  5 vampire mosquitoes
  Grum (Lair:1)
  Menkaure (D:4)
  An acid dragon (D:11)
  Duvessa (D:4)
  3 wargs
  4 hell hounds
  7 water moccasins
  2 porcupines
  2 ice beasts
  An eye of draining (D:11)
  23 orc warriors
  A black bear (D:6)
  A phantom (D:8)
  6 sky beasts
  34 ogres
  A necrophage (D:10)
  4 boggarts (Lair:6)
  14 wolves
  11 crocodiles
  2 centaurs
  6 big kobolds
  21 bullfrogs
  A gnoll sergeant (D:9)
  Dowan (D:4)
  A wyvern skeleton (D:12)
  6 scorpions
  31 killer bees
  4 wights
  A howler monkey (D:5)
  7 electric eels
  7 crimson imps
  A bullfrog zombie (D:13)
  3 quasits
  6 hounds
  3 centaur zombies
  2 jellies (D:11)
  3 bullfrog skeletons
  13 orc priests
  An iron imp (D:8)
  8 iguanas
  18 orc wizards
  6 worker ants
  A hound skeleton (D:11)
  3 worker ant zombies
  A howler monkey zombie (D:7)
  11 gnolls
  4 adders
  2 shadow imps
  2 oozes
  4 worms
  3 dart slugs
  5 leopard geckos
  69 orcs
  5 giant cockroaches
  5 goblins
  6 hobgoblins
  16 jackals
  4 quokkas
  A ball python (D:2)
  2 bats
  8 frilled lizards
  A giant cockroach zombie (D:6)
  2 goblin skeletons (D:6)
  4 goblin zombies (D:6)
  3 hobgoblin zombies (D:6)
  17 kobolds
  A kobold skeleton (D:6)
  A kobold zombie (D:6)
  2 leopard gecko zombies
  An orc skeleton (D:6)
  An orc zombie (D:6)
  2 quokka zombies
  6 rats
711 creatures vanquished.

Vanquished Creatures (collateral kills)
  Kirke (Lair:4)
  A two-headed ogre (D:15)
  A deep troll (Orc:2)
  A wizard (D:11)
  An orc knight (D:9)
  2 merfolk sirens (Lair:3)
  2 spiny frogs (Lair:3)
  A blink frog (Lair:3)
  3 redbacks (Lair:4)
  A hog (Lair:4)
  A harpy simulacrum (D:15)
  A water moccasin (Lair:5)
  A porcupine (Lair:5)
  An orc warrior (Orc:2)
  2 wolves
  5 ogres
  A crocodile (Lair:4)
  A killer bee (D:14)
  A wight (D:15)
  An electric eel (D:14)
  A crimson imp (D:11)
  An orc priest (Orc:2)
  3 orcs
  A bush (Lair:5)
  A fungus (Lair:5)
36 creatures vanquished.

Vanquished Creatures (others)
  A hippogriff (Lair:2)
  2 humans (Lair:5)
  A water elemental (D:13)
  A howler monkey (D:13)
  An orc wizard (Orc:2)
  An adder (D:10)
  3 bushes (D:14)
  A fire vortex (Lair:6)
  6 fungi
  A plant (Lair:2)
  14 toadstools (Lair:1)
32 creatures vanquished.

Grand Total: 779 creatures vanquished

Notes
Turn   | Place    | Note
-------+----------+-------------------------------------------
     0 | D:1      | Gravenous the Gargoyle Monk began the quest for the Orb.
     0 | D:1      | Reached XP level 1. HP: 14/14 MP: 1/1
   173 | D:1      | Reached XP level 2. HP: 19/19 MP: 2/2
   226 | D:1      | Found an ancient bone altar of Kikubaaqudgha.
   746 | D:2      | Reached XP level 3. HP: 20/23 MP: 3/3
  1031 | D:2      | Found a deep blue altar of Sif Muna.
  1109 | D:2      | Reached skill level 1 in Armour
  1158 | D:2      | Reached skill level 4 in Maces & Flails
  1430 | D:2      | Reached XP level 4. HP: 29/29 MP: 4/4
  2173 | D:3      | Reached skill level 1 in Shields
  2191 | D:3      | Reached XP level 5. HP: 21/33 MP: 5/5
  2427 | D:3      | Found a shattered altar of Ashenzari.
  2565 | D:3      | Found an iron altar of Okawaru.
  2679 | D:3      | Found a runed door.
  3065 | D:4      | Noticed Grinder
  3066 | D:4      | Paralysed by Grinder for 6 turns
  3089 | D:4      | Killed Grinder
  3089 | D:4      | Reached skill level 5 in Maces & Flails
  3089 | D:4      | Reached XP level 6. HP: 40/40 MP: 6/6
  3320 | D:4      | Noticed Menkaure
  3334 | D:4      | Killed Menkaure
  3334 | D:4      | Reached skill level 5 in Fighting
  3334 | D:4      | Reached XP level 7. HP: 25/44 MP: 7/7
  3646 | D:4      | Noticed Duvessa
  3647 | D:4      | Noticed Dowan
  3691 | D:4      | Killed Duvessa
  3719 | D:4      | Killed Dowan
  3963 | D:4      | Found Qefaum's Antique Armour Shop.
  4194 | D:5      | Entered Level 5 of the Dungeon
  4272 | D:5      | Reached skill level 6 in Maces & Flails
  4422 | D:5      | Reached skill level 5 in Shields
  4442 | D:5      | Found a stormy altar of Qazlal.
  4443 | D:5      | Noticed a fire elemental
  4444 | D:5      | Noticed an air elemental
  4444 | D:5      | Noticed a water elemental
  4479 | D:5      | Reached XP level 8. HP: 48/50 MP: 8/8
  5446 | D:6      | Reached skill level 7 in Maces & Flails
  5567 | D:6      | Found a shattered altar of Ashenzari.
  5711 | D:6      | Found a hazy altar of Hepliaklqana.
  5786 | D:6      | Found a glowing golden altar of the Shining One.
  6052 | D:7      | Found Nis Dips's Book Emporium.
  6080 | D:7      | Got a sapphire-studded ring mail
  6133 | D:7      | Reached XP level 9. HP: 46/56 MP: 9/9
  6204 | D:7      | Identified the +5 ring mail of Precision Catastrophes {Str+4} (You found it on level 7 of the Dungeon)
  6237 | D:7      | Found a staircase to the Ecumenical Temple.
  6297 | D:6      | Reached skill level 8 in Maces & Flails
  6744 | D:7      | Found a shimmering altar of Xom.
  6805 | D:7      | Found a sacrificial altar of Ru.
  6805 | D:7      | Found an ancient bone altar of Kikubaaqudgha.
  6895 | Temple   | Entered the Ecumenical Temple
  7099 | Temple   | Became a worshipper of Makhleb the Destroyer
  7099 | Temple   | Reached * piety under Makhleb
  7099 | Temple   | Reached ** piety under Makhleb
  7273 | D:8      | Reached skill level 1 in Invocations
  7351 | D:8      | Found a snail-covered altar of Cheibriados.
  7530 | D:8      | You fall through a shaft for 2 floors!
  7530 | D:10     | Entered Level 10 of the Dungeon
  7737 | D:8      | Found a blossoming altar of Fedhas.
  7968 | D:8      | Reached skill level 9 in Maces & Flails
  8241 | D:9      | Found Gizaduz's Book Emporium.
  8320 | D:9      | Found a staircase to the Orcish Mines.
  8645 | D:9      | Reached XP level 10. HP: 64/64 MP: 13/13
  8773 | D:9      | Reached *** piety under Makhleb
  9115 | D:9      | Reached skill level 5 in Armour
  9118 | D:9      | Reached skill level 5 in Invocations
  9263 | D:9      | Reached skill level 10 in Maces & Flails
  9407 | D:9      | Noticed a two-headed ogre
  9417 | D:9      | Killed a two-headed ogre
  9772 | D:10     | Found a deep blue altar of Sif Muna.
  9917 | D:10     | Killed an unseen horror
  9917 | D:10     | Reached XP level 11. HP: 69/69 MP: 14/16
  9930 | D:10     | Noticed a two-headed ogre
  9961 | D:10     | Killed a two-headed ogre
  9993 | D:10     | Reached skill level 11 in Maces & Flails
 10035 | D:10     | Reached **** piety under Makhleb
 10292 | D:10     | Noticed a two-headed ogre
 10301 | D:10     | Killed a two-headed ogre
 10696 | D:11     | Noticed a three-headed hydra
 10711 | D:11     | Killed a three-headed hydra
 11079 | D:11     | Killed an unseen horror
 11386 | D:11     | Noticed a wizard
 11396 | D:11     | Killed a wizard
 11669 | D:11     | Found a staircase to the Lair.
 11678 | Lair:1   | Entered Level 1 of the Lair of Beasts
 11762 | Lair:1   | Reached skill level 12 in Maces & Flails
 11762 | Lair:1   | Reached XP level 12. HP: 77/77 MP: 18/18
 11787 | Lair:1   | Noticed Grum
 11827 | Lair:1   | Killed Grum
 12024 | Lair:1   | Noticed a six-headed hydra
 12032 | Lair:1   | Killed a six-headed hydra
 12267 | Lair:1   | Reached skill level 10 in Fighting
 12449 | Lair:1   | Reached skill level 10 in Invocations
 12519 | Lair:1   | Found a blossoming altar of Fedhas.
 12629 | Lair:2   | Found a labyrinth entrance.
 12663 | Lab      | Entered a labyrinth
 12946 | Lab      | Noticed a minotaur
 12967 | Lab      | Killed a minotaur
 13630 | Lair:2   | Noticed a five-headed hydra
 13645 | Lair:2   | Killed a five-headed hydra
 14114 | Lair:3   | Reached skill level 13 in Maces & Flails
 14222 | Lair:3   | Noticed a four-headed hydra
 14238 | Lair:3   | Killed a four-headed hydra
 14238 | Lair:3   | Reached XP level 13. HP: 68/83 MP: 21/21
 14479 | Lair:3   | Found a staircase to the Shoals.
 14691 | Lair:3   | Reached ***** piety under Makhleb
 15138 | Lair:4   | Found a hole to the Spider Nest.
 16114 | Lair:5   | Noticed Kirke
 16117 | Lair:5   | Noticed a sphinx
 16447 | Lair:4   | Noticed a sphinx
 16448 | Lair:4   | Killed Kirke
 17294 | Lair:5   | Reached skill level 10 in Armour
 17687 | Lair:6   | Entered Level 6 of the Lair of Beasts
 18012 | Lair:6   | Found a staircase to the Slime Pits.
 18012 | Lair:6   | Found a viscous altar of Jiyva.
 18235 | Lair:6   | Reached skill level 14 in Maces & Flails
 18950 | Lair:6   | Gained mutation: Your large and strong wings let you fly indefinitely. [Gargoyle growth]
 18950 | Lair:6   | Reached XP level 14. HP: 73/90 MP: 23/23
 19885 | D:12     | Found Carry's General Store.
 20975 | D:13     | Found a gate to the Vaults.
 21412 | Orc:1    | Entered Level 1 of the Orcish Mines
 21416 | Orc:1    | Noticed Haldmier's ghost (journeyman KoHu)
 21968 | Orc:1    | Killed Haldmier's ghost
 21972 | Orc:1    | Found a roughly hewn altar of Beogh.
 21994 | Orc:1    | Paralysed by an orc sorcerer for 3 turns
 22540 | Orc:1    | Found Osew Seemp's Antique Armour Boutique.
 22628 | Orc:1    | Found a roughly hewn altar of Beogh.
 22858 | Orc:2    | Entered Level 2 of the Orcish Mines
 22952 | Orc:2    | Found a staircase to the Elven Halls.
 23270 | Orc:2    | Reached skill level 15 in Maces & Flails
 23364 | Orc:2    | Found Kunotosi's Food Emporium.
 23550 | Orc:2    | Paralysed by an ogre mage for 4 turns
 23859 | Orc:2    | Paralysed by an ogre mage for 6 turns
 24427 | Orc:2    | Found Haov Umm's Assorted Antiques.
 24646 | Orc:2    | Reached XP level 15. HP: 63/97 MP: 24/24
 25072 | Orc:2    | Found Munirunk's Armour Boutique.
 25075 | Orc:2    | Found Kiom's Antique Armour Shoppe.
 25139 | Orc:2    | Found a roughly hewn altar of Beogh.
 25193 | Orc:2    | Bought a transparent plate armour for 1064 gold pieces
 25193 | Orc:2    | Bought a brightly glowing buckler for 361 gold pieces
 25203 | Orc:2    | Identified the cursed +0 plate armour of Tikabot {rC++ Dex-4 SInv} (You bought it in a shop on level 2 of the Orcish Mines)
 25214 | Orc:2    | Identified the +1 buckler of Forking Paths {rElec rF+ Dex+5} (You bought it in a shop on level 2 of the Orcish Mines)
 25239 | Orc:2    | Bought a warped chain mail for 361 gold pieces
 25239 | Orc:2    | Identified the +3 chain mail of the Known World {Str+6} (You bought it in a shop on level 2 of the Orcish Mines)
 25619 | D:13     | Noticed Azrael
 25832 | D:12     | Killed Azrael
 26090 | D:14     | Reached skill level 16 in Maces & Flails
 26159 | D:15     | Entered Level 15 of the Dungeon
 26575 | D:14     | Noticed Urug
 26590 | D:14     | Killed Urug
 27596 | D:15     | Reached ****** piety under Makhleb
 27917 | D:15     | Found Rakhuil's Armour Boutique.
 28110 | D:15     | Noticed Sonja
 28118 | D:15     | Killed Sonja
 28315 | D:15     | Reached XP level 16. HP: 107/107 MP: 26/26
 28361 | D:15     | Found a glowing golden altar of the Shining One.
 28874 | D:15     | Reached skill level 15 in Fighting
 29032 | D:15     | Found a staircase to the Depths.
 29309 | D:4      | Bought a glowing helmet for 187 gold pieces
 29309 | D:4      | Bought a pair of runed boots for 187 gold pieces
 29309 | D:4      | Bought a glowing scarf for 200 gold pieces
 29342 | D:4      | Upgraded the game from 0.20.0-1-g1cb1d84 to 0.20.0-4-g10b340a
 29554 | Spider:1 | Entered Level 1 of the Spider Nest
 29725 | Lair:4   | HP: 3/108 [entropy weaver (10)]
 29725 | Lair:4   | Slain by an entropy weaver

Skill      XL: |  1  2  3  4  5  6  7  8  9 10 11 12 13 14 15 16 |
---------------+-------------------------------------------------+-----
Armour         | 1 2 4 6 7 9 10 11 12 13 | 13.0
Maces & Flails | 4 5 6 7 9 10 12 13 14 15 16 | 16.0
Fighting       | 4 5 6 7 8 9 10 11 12 14 15 | 15.1
Shields        | 1 3 4 5 6 |  6.0
Invocations    | 4 6 9 11 12 13 14 | 14.3
Dodging        | |  2.4
Stealth        | |  2.1

Action                   |  1- 3 |  4- 6 |  7- 9 | 10-12 | 13-15 | 16-18 || total
-------------------------+-------+-------+-------+-------+-------+-------++-------
Melee: Mace              |    95 |    57 |       |       |       |       ||   152
       Flail             |       |   131 |   667 |  1072 |  1450 |       ||  3320
       Morningstar       |       |       |       |       |  1108 |   248 ||  1356
Invok: Minor Destruction |       |       |    30 |    44 |     9 |     3 ||    86
       Lesser Servant of |       |       |       |     7 |    17 |     1 ||    25
 Abil: Fly               |       |       |       |       |     1 |       ||     1
Evoke: Wand              |       |       |       |       |    11 |       ||    11
       Fan of gales      |       |       |       |       |     1 |       ||     1
  Use: Scroll            |       |     7 |    12 |    11 |    11 |       ||    41
       Potion            |       |     1 |     1 |     2 |     5 |       ||     9
 Stab: Sleeping          |     5 |       |       |       |       |       ||     5
       Distracted        |       |       |       |     1 |    10 |       ||    11
  Eat: Chunk             |     1 |     7 |    23 |    10 |    27 |     4 ||    72
       Bread ration      |       |       |       |     2 |     5 |       ||     7
Armor: Robe              |    33 |    14 |       |       |       |       ||    47
       Ring mail         |       |    43 |   245 |   288 |       |       ||   576
       Skin              |       |    13 |       |       |    16 |       ||    29
       Chain mail        |       |       |       |    61 |   673 |       ||   734
       Plate armour      |       |       |       |       |   324 |   146 ||   470
Dodge: Dodged            |    36 |    87 |   372 |   675 |  1127 |   121 ||  2418
Block: Buckler           |     1 |    48 |   153 |   329 |  1203 |   131 ||  1865
       Other             |       |       |       |       |     1 |       ||     1
       Reflection        |       |       |       |       |     6 |       ||     6
